[ PARTIDA AOE2 · #506539363 ]
UnrankedVikingos vs Lithuanians
Equipo del jugador · VICT
Equipo rival · DERR
[ ANÁLISIS DE REPETICIÓN · EXTRAÍDO DE LA PARTIDA GRABADA ]
Feudal
10:58
Castillos
22:23
Imperial
—
| APM promedio | 50.3 |
| APM pico | 87 |
| eAPM promedio | 24.3 |
| Aldeanos / militares | 56 / 64 |
Foco
⚔️ 34.4% · 🌾 65.6%
Militia ×64
Feudal
8:32
Castillos
23:38
Imperial
—
| APM promedio | 39.5 |
| APM pico | 85 |
| eAPM promedio | 18.7 |
| Aldeanos / militares | 71 / 17 |
Foco
⚔️ 31.5% · 🌾 68.5%
Archer ×7 · Scout Cavalry ×6 · Knight ×3 · Skirmisher ×1
Mapa de la partida
Recursos iniciales + cada clic de construcción. Líneas = muros · curvas = relieve. ◆ oro · ⬟ piedra · ● bayas · ✦ reliquia · ◌ hueco del cierre
Tu base· Abierta — hueco de 6t
Base de The_Bluffalo· Abierta — hueco de 4t
Terreno inicial suavizado · ◌ = hueco del cierre detectado · pasá el cursor para detalles
Inputs por minuto
— Duc Duong - - The_Bluffalo
Build order — Duc Duong
Primeras 150 de 201 acciones detectadas
| 0:00 | Encolar | Villager (Male) |
| 0:01 | Encolar | Villager (Male) |
| 0:02 | Construir | House |
| 0:04 | Construir | House |
| 0:11 | Encolar | Villager (Male) |
| 0:11 | Encolar | Villager (Male) |
| 0:12 | Encolar | Villager (Male) |
| 1:29 | Encolar | Villager (Male) |
| 1:29 | Encolar | Villager (Male) |
| 1:59 | Encolar | Villager (Male) |
| 1:59 | Encolar | Villager (Male) |
| 2:01 | Construir | Lumber Camp |
| 2:16 | Encolar | Villager (Male) |
| 2:16 | Encolar | Villager (Male) |
| 2:53 | Encolar | Villager (Male) |
| 2:53 | Encolar | Villager (Male) |
| 3:09 | Encolar | Villager (Male) |
| 3:09 | Encolar | Villager (Male) |
| 3:40 | Encolar | Villager (Male) |
| 3:40 | Encolar | Villager (Male) |
| 4:03 | Encolar | Villager (Male) |
| 4:04 | Encolar | Villager (Male) |
| 4:13 | Construir | House |
| 4:29 | Encolar | Villager (Male) |
| 4:29 | Encolar | Villager (Male) |
| 4:53 | Construir | House |
| 4:58 | Encolar | Villager (Male) |
| 4:59 | Encolar | Villager (Male) |
| 4:59 | Encolar | Villager (Male) |
| 5:14 | Construir | Barracks |
| 5:23 | Construir | Barracks |
| 5:56 | Encolar | Villager (Male) |
| 6:15 | Construir | Mill |
| 6:27 | Encolar | Villager (Male) |
| 6:28 | Encolar | Villager (Male) |
| 6:28 | Encolar | Villager (Male) |
| 6:52 | Encolar | Militia |
| 6:52 | Encolar | Militia |
| 7:16 | Encolar | Militia |
| 7:16 | Encolar | Militia |
| 7:17 | Encolar | Villager (Male) |
| 7:28 | Construir | Mill |
| 7:41 | Encolar | Villager (Male) |
| 8:48 | Investigar | Feudal Age |
| 8:57 | Construir | Mining Camp |
| 9:24 | Construir | Palisade Wall |
| 9:47 | Construir | House |
| 9:48 | Construir | Palisade Wall |
| 9:54 | Construir | Palisade Wall |
| 10:01 | Construir | Palisade Wall |
| 10:11 | Encolar | Villager (Male) |
| 10:12 | Encolar | Villager (Male) |
| 10:24 | Construir | Palisade Wall |
| 10:35 | Construir | Barracks |
| 10:58 | Edad | Edad Feudal |
| 11:00 | Construir | Palisade Wall |
| 11:04 | Investigar | Man-at-Arms (upgrade) |
| 11:04 | Investigar | Man-at-Arms (upgrade) |
| 11:05 | Investigar | Arson |
| 11:12 | Encolar | Militia |
| 11:12 | Encolar | Militia |
| 11:13 | Encolar | Villager (Male) |
| 11:23 | Construir | Palisade Wall |
| 11:39 | Construir | House |
| 11:43 | Construir | Farm |
| 11:50 | Encolar | Militia |
| 11:50 | Encolar | Militia |
| 11:57 | Construir | Palisade Wall |
| 12:02 | Construir | House |
| 12:12 | Construir | Farm |
| 12:13 | Construir | Farm |
| 12:15 | Construir | Farm |
| 12:33 | Construir | Farm |
| 12:37 | Construir | Farm |
| 12:40 | Construir | House |
| 12:51 | Encolar | Villager (Male) |
| 13:08 | Encolar | Villager (Male) |
| 13:18 | Investigar | Loom |
| 13:19 | Investigar | Loom |
| 13:21 | Construir | House |
| 13:36 | Construir | House |
| 13:38 | Encolar | Villager (Male) |
| 14:00 | Encolar | Militia |
| 14:00 | Encolar | Militia |
| 14:00 | Encolar | Militia |
| 14:07 | Construir | Farm |
| 14:13 | Construir | Farm |
| 14:46 | Encolar | Villager (Male) |
| 15:00 | Encolar | Militia |
| 15:05 | Construir | Farm |
| 15:06 | Construir | Farm |
| 15:11 | Encolar | Villager (Male) |
| 15:15 | Construir | Farm |
| 15:16 | Construir | Farm |
| 15:18 | Construir | Farm |
| 15:36 | Encolar | Militia |
| 15:36 | Encolar | Militia |
| 15:43 | Construir | Farm |
| 15:58 | Encolar | Militia |
| 15:58 | Encolar | Militia |
| 16:02 | Encolar | Villager (Male) |
| 16:05 | Construir | Blacksmith |
| 16:08 | Encolar | Villager (Male) |
| 16:08 | Encolar | Villager (Male) |
| 16:15 | Encolar | Villager (Male) |
| 16:15 | Encolar | Villager (Male) |
| 16:33 | Encolar | Villager (Male) |
| 16:33 | Encolar | Villager (Male) |
| 16:34 | Encolar | Villager (Male) |
| 16:35 | Encolar | Villager (Male) |
| 16:39 | Encolar | Militia |
| 16:39 | Encolar | Militia |
| 16:39 | Encolar | Militia |
| 16:41 | Encolar | Militia |
| 16:42 | Encolar | Militia |
| 16:53 | Construir | House |
| 17:35 | Investigar | Forging |
| 17:35 | Investigar | Forging |
| 17:39 | Encolar | Villager (Male) |
| 17:40 | Encolar | Villager (Male) |
| 18:01 | Encolar | Militia |
| 18:01 | Encolar | Villager (Male) |
| 18:03 | Encolar | Militia |
| 18:03 | Encolar | Militia |
| 18:07 | Construir | Farm |
| 18:09 | Construir | Farm |
| 18:16 | Construir | Market |
| 18:57 | Encolar | Villager (Male) |
| 18:58 | Encolar | Villager (Male) |
| 19:43 | Investigar | Castle Age |
| 19:44 | Investigar | Castle Age |
| 19:54 | Construir | Farm |
| 19:55 | Investigar | Horse Collar |
| 19:56 | Investigar | Horse Collar |
| 20:31 | Investigar | Scale Mail Armor |
| 20:31 | Investigar | Scale Mail Armor |
| 20:31 | Investigar | Scale Mail Armor |
| 20:32 | Encolar | Militia |
| 20:32 | Encolar | Militia |
| 20:35 | Construir | Barracks |
| 21:28 | Encolar | Militia |
| 21:28 | Encolar | Militia |
| 21:32 | Encolar | Militia |
| 21:32 | Encolar | Militia |
| 21:36 | Construir | Farm |
| 21:39 | Encolar | Militia |
| 21:39 | Encolar | Militia |
| 22:12 | Encolar | Militia |
| 22:13 | Encolar | Militia |
| 22:13 | Encolar | Militia |
Build order — The_Bluffalo
Primeras 150 de 167 acciones detectadas
| 0:01 | Encolar | Villager (Male) |
| 0:01 | Encolar | Villager (Male) |
| 0:02 | Encolar | Villager (Male) |
| 0:02 | Encolar | Villager (Male) |
| 0:03 | Construir | House |
| 0:04 | Construir | House |
| 0:23 | Encolar | Villager (Male) |
| 0:23 | Encolar | Villager (Male) |
| 1:31 | Encolar | Villager (Male) |
| 1:32 | Encolar | Villager (Male) |
| 1:44 | Construir | Lumber Camp |
| 1:59 | Encolar | Villager (Male) |
| 1:59 | Encolar | Villager (Male) |
| 2:15 | Encolar | Villager (Male) |
| 2:16 | Encolar | Villager (Male) |
| 2:16 | Encolar | Villager (Male) |
| 2:45 | Encolar | Villager (Male) |
| 3:12 | Encolar | Villager (Male) |
| 3:25 | Construir | House |
| 4:40 | Encolar | Villager (Male) |
| 4:40 | Encolar | Villager (Male) |
| 4:54 | Encolar | Villager (Male) |
| 5:38 | Construir | Mill |
| 5:52 | Encolar | Villager (Male) |
| 6:22 | Investigar | Feudal Age |
| 7:52 | Construir | House |
| 8:04 | Construir | Barracks |
| 8:29 | Construir | House |
| 8:32 | Edad | Edad Feudal |
| 8:33 | Construir | Palisade Wall |
| 8:37 | Encolar | Villager (Male) |
| 8:38 | Encolar | Villager (Male) |
| 9:15 | Construir | Stable |
| 9:41 | Construir | Palisade Wall |
| 9:52 | Encolar | Villager (Male) |
| 9:56 | Construir | Palisade Wall |
| 9:59 | Construir | Palisade Wall |
| 10:05 | Investigar | Loom |
| 10:09 | Construir | Mill |
| 10:10 | Encolar | Scout Cavalry |
| 10:10 | Encolar | Scout Cavalry |
| 10:11 | Encolar | Scout Cavalry |
| 10:20 | Construir | House |
| 10:27 | Construir | Palisade Wall |
| 10:29 | Construir | Palisade Wall |
| 10:31 | Construir | Palisade Wall |
| 10:32 | Construir | Palisade Wall |
| 10:34 | Encolar | Villager (Male) |
| 10:41 | Encolar | Scout Cavalry |
| 11:34 | Encolar | Villager (Male) |
| 11:52 | Encolar | Villager (Male) |
| 11:59 | Construir | Palisade Wall |
| 12:01 | Construir | Palisade Wall |
| 12:03 | Construir | Palisade Wall |
| 12:04 | Encolar | Villager (Male) |
| 12:07 | Construir | Palisade Wall |
| 12:10 | Investigar | Double-Bit Axe |
| 12:35 | Construir | Palisade Wall |
| 12:37 | Construir | Palisade Wall |
| 12:39 | Encolar | Villager (Male) |
| 12:59 | Construir | Farm |
| 13:00 | Encolar | Villager (Male) |
| 13:12 | Construir | Mining Camp |
| 13:29 | Encolar | Villager (Male) |
| 13:46 | Encolar | Villager (Male) |
| 13:51 | Construir | House |
| 13:54 | Construir | House |
| 14:01 | Encolar | Villager (Male) |
| 14:10 | Construir | Farm |
| 14:10 | Construir | Farm |
| 14:10 | Construir | Farm |
| 14:11 | Construir | Farm |
| 14:11 | Construir | Farm |
| 14:11 | Construir | Farm |
| 14:17 | Encolar | Scout Cavalry |
| 14:17 | Encolar | Scout Cavalry |
| 15:02 | Construir | Palisade Wall |
| 15:06 | Construir | Palisade Wall |
| 15:07 | Construir | Palisade Wall |
| 15:12 | Construir | Palisade Wall |
| 15:13 | Construir | Palisade Wall |
| 15:17 | Encolar | Villager (Male) |
| 15:17 | Encolar | Villager (Male) |
| 15:22 | Construir | Farm |
| 15:22 | Construir | Farm |
| 15:24 | Construir | Farm |
| 15:28 | Construir | Farm |
| 15:35 | Encolar | Villager (Male) |
| 15:46 | Construir | Farm |
| 15:48 | Encolar | Villager (Male) |
| 15:52 | Construir | Palisade Wall |
| 16:10 | Construir | Archery Range |
| 16:29 | Encolar | Villager (Male) |
| 16:58 | Encolar | Archer |
| 16:58 | Encolar | Archer |
| 17:01 | Encolar | Villager (Male) |
| 17:10 | Construir | Farm |
| 17:13 | Construir | Farm |
| 17:21 | Construir | Palisade Wall |
| 17:24 | Encolar | Villager (Male) |
| 17:36 | Encolar | Villager (Male) |
| 17:55 | Encolar | Villager (Male) |
| 18:08 | Encolar | Villager (Male) |
| 18:10 | Encolar | Archer |
| 18:14 | Encolar | Villager (Male) |
| 18:23 | Construir | Palisade Wall |
| 18:25 | Construir | Palisade Wall |
| 18:26 | Encolar | Villager (Male) |
| 18:35 | Encolar | Villager (Male) |
| 18:35 | Encolar | Villager (Male) |
| 18:39 | Construir | Palisade Wall |
| 18:45 | Construir | House |
| 18:58 | Construir | House |
| 19:03 | Construir | House |
| 19:07 | Encolar | Villager (Male) |
| 19:13 | Encolar | Villager (Male) |
| 19:17 | Encolar | Villager (Male) |
| 19:21 | Encolar | Skirmisher |
| 19:22 | Encolar | Archer |
| 19:24 | Encolar | Villager (Male) |
| 19:29 | Construir | Blacksmith |
| 19:37 | Encolar | Villager (Male) |
| 19:38 | Encolar | Villager (Male) |
| 19:44 | Encolar | Villager (Male) |
| 20:23 | Encolar | Archer |
| 20:31 | Construir | House |
| 20:45 | Construir | Farm |
| 20:47 | Construir | Farm |
| 20:48 | Construir | Farm |
| 20:55 | Investigar | Castle Age |
| 21:05 | Investigar | Fletching |
| 21:06 | Encolar | Villager (Male) |
| 21:14 | Construir | House |
| 21:27 | Encolar | Villager (Male) |
| 21:47 | Encolar | Villager (Male) |
| 22:06 | Encolar | Villager (Male) |
| 22:31 | Encolar | Archer |
| 22:31 | Encolar | Archer |
| 22:58 | Construir | House |
| 23:04 | Construir | Palisade Wall |
| 23:08 | Construir | Palisade Wall |
| 23:10 | Construir | Palisade Wall |
| 23:33 | Construir | Farm |
| 23:34 | Encolar | Villager (Male) |
| 23:38 | Edad | Edad de los Castillos |
| 23:41 | Construir | House |
| 23:48 | Investigar | Crossbowman (upgrade) |
| 23:50 | Encolar | Villager (Male) |
| 23:50 | Encolar | Villager (Male) |
| 23:53 | Encolar | Villager (Male) |
Cronología de la partida
| 5:14 | Duc Duong · first_building Barracks |
| 8:04 | The_Bluffalo · first_building Barracks |
| 8:32 | The_Bluffalo · age_up feudal |
| 8:33 | The_Bluffalo · wall_segment Palisade Wall x7 |
| 9:15 | The_Bluffalo · first_building Stable |
| 9:24 | Duc Duong · wall_segment Palisade Wall x3 |
| 9:41 | The_Bluffalo · wall_segment Palisade Wall x3 |
| 9:48 | Duc Duong · wall_segment Palisade Wall x1 |
| 9:54 | Duc Duong · wall_segment Palisade Wall x1 |
| 9:56 | The_Bluffalo · wall_segment Palisade Wall x1 |
| 9:59 | The_Bluffalo · wall_segment Palisade Wall x3 |
| 10:01 | Duc Duong · wall_segment Palisade Wall x6 |
| 10:24 | Duc Duong · wall_segment Palisade Wall x7 |
| 10:27 | The_Bluffalo · wall_segment Palisade Wall x1 |
| 10:29 | The_Bluffalo · wall_segment Palisade Wall x1 |
| 10:31 | The_Bluffalo · wall_segment Palisade Wall x1 |
| 10:32 | The_Bluffalo · wall_segment Palisade Wall x1 |
| 10:58 | Duc Duong · age_up feudal |
| 11:00 | Duc Duong · wall_segment Palisade Wall x7 |
| 11:23 | Duc Duong · wall_segment Palisade Wall x14 |
| 11:57 | Duc Duong · wall_segment Palisade Wall x1 |
| 11:59 | The_Bluffalo · wall_segment Palisade Wall x11 |
| 12:01 | The_Bluffalo · wall_segment Palisade Wall x1 |
| 12:03 | The_Bluffalo · wall_segment Palisade Wall x1 |
| 12:07 | The_Bluffalo · wall_segment Palisade Wall x7 |
| 12:35 | The_Bluffalo · wall_segment Palisade Wall x10 |
| 12:37 | The_Bluffalo · wall_segment Palisade Wall x5 |
| 15:02 | The_Bluffalo · wall_segment Palisade Wall x1 |
| 15:06 | The_Bluffalo · wall_segment Palisade Wall x1 |
| 15:07 | The_Bluffalo · wall_segment Palisade Wall x1 |
| 15:12 | The_Bluffalo · wall_segment Palisade Wall x1 |
| 15:13 | The_Bluffalo · wall_segment Palisade Wall x1 |
| 15:52 | The_Bluffalo · wall_segment Palisade Wall x1 |
| 16:10 | The_Bluffalo · first_building Archery Range |
| 17:21 | The_Bluffalo · wall_segment Palisade Wall x6 |
| 18:23 | The_Bluffalo · wall_segment Palisade Wall x1 |
| 18:25 | The_Bluffalo · wall_segment Palisade Wall x1 |
| 18:39 | The_Bluffalo · wall_segment Palisade Wall x1 |
| 19:39 | Duc Duong · first_market_sell 100 stone |
| 22:23 | Duc Duong · age_up castle |
| 23:04 | The_Bluffalo · wall_segment Palisade Wall x1 |
| 23:08 | The_Bluffalo · wall_segment Palisade Wall x1 |
| 23:10 | The_Bluffalo · wall_segment Palisade Wall x3 |
| 23:38 | The_Bluffalo · age_up castle |
| 25:56 | The_Bluffalo · first_building Monastery |
| 26:38 | The_Bluffalo · resign |
[ ANÁLISIS IA · 1 CRÉDITO ]
¿Qué pasó realmente en esta partida?
Wolo.gg analiza cada decisión: build order, eco, micro, errores típicos por bracket. Análisis personalizado por WhatsApp o Discord en 30 segundos.
Guía civ
Vikingos
Perfil
Jugador #4844045